 Dungeon Crawl Stone Soup version 0.29.1-12-g30fa7ad0bf (webtiles) character file.

Game seed: 14519517015602074902

3536 safid the Skirmisher (level 9, 0/121 HPs)
             Began as a Minotaur Hunter on Dec 16, 2022.
             Was an Elder of Okawaru.
             Slain by an ogre
             ... wielding a +0 halberd
              (9 damage)
             ... in a bailey.
             The game lasted 00:17:09 (6810 turns).

safid the Skirmisher (Minotaur Hunter)              Turns: 6810, Time: 00:17:10

Health: 0/121      AC: 24    Str: 15    XL:     9   Next: 82%
Magic:  8/8        EV:  2    Int:  6    God:    Okawaru [****..]
Gold:   452        SH:  0    Dex: 19    Spells: 8/8 levels left

rFire   . . .      SeeInvis .   a - +0 shortbow
rCold   . . .      Faith    .   (shield currently unavailable)
rNeg    . . .      Spirit   .   (body armour currently unavailable)
rPois   +          Reflect  .   (helmet currently unavailable)
rElec   .          Harm     .   (cloak currently unavailable)
rCorr   .          Rampage  .   (gloves currently unavailable)
Will    .....      NoTele   +   (boots currently unavailable)
Stlth   ++........              y - amulet of regeneration
HPRegen 1.10/turn               (no ring)
MPRegen 0.11/turn               (no ring)

@: tree-form, hasted, very quick
A: stationary, stasis, torment immunity, boosted hp, (horns 2), (retaliatory
headbutt)
a: Renounce Religion, Heroism, Finesse


You were in a bailey.
You worshipped Okawaru.
Okawaru was greatly pleased with you.
You were a tree.
You visited 1 branch of the dungeon, and saw 8 of its levels.
You also visited: Bailey.

You collected 452 gold pieces.

Inventory:

Hand Weapons
 a - a +0 shortbow (weapon)
Missiles
 v - 2 silver javelins
 J - a throwing net
Armour
 e - a +0 pair of boots (melded)
 h - a +0 pair of gloves (melded)
 I - a +1 scale mail of poison resistance (melded)
Jewellery
 c - a ring of magical power
 t - an amulet of reflection
 y - an amulet of regeneration (around neck)
 E - an amulet of guardian spirit
 F - a ring of ice
Wands
 r - a wand of acid (9)
 w - a wand of paralysis (11)
 B - a wand of flame (19)
Scrolls
 d - 2 scrolls of teleportation
 f - 3 scrolls of poison
 g - a scroll of fear {unknown}
 j - a scroll of identify
 m - 2 scrolls of magic mapping {unknown}
 p - 2 scrolls of noise {unknown}
 s - 2 scrolls of brand weapon {unknown}
 u - 4 scrolls of vulnerability
 A - 2 scrolls of torment {unknown}
 C - 2 scrolls of enchant armour {unknown}
 G - 2 scrolls of enchant weapon {unknown}
 H - a scroll of amnesia
Potions
 b - a potion of might {unknown}
 i - 2 potions of flight {unknown}
 k - a potion of resistance {unknown}
 l - 2 potions of mutation {unknown}
 n - a potion of lignification
 q - 2 potions of cancellation {unknown}
 x - 3 potions of berserk rage {unknown}
 z - 3 potions of brilliance {unknown}
 D - 2 potions of curing {unknown}
 K - a potion of invisibility {unknown}


   Skills:
 - Level 8.0 Fighting
 + Level 14.2 Ranged Weapons
 - Level 2.1 Dodging
 - Level 0.7 Stealth


You had 8 spell levels left.
You didn't know any spells.
Your spell library contained the following spells:

 Spells                   Type           Power      Damage    Failure   Level
 Magic Dart               Conj           0%         1d3       45%         1
 Necrotise                Necr           0%         1d4       45%         1
 Searing Ray              Conj           0%         2d4       58%         2
 Dazzling Flash           Conj/Hex       0%         N/A       83%         3
 Ozocubu's Armour         Ice            0%         N/A       83%         3
 Vampiric Draining        Necr           0%         2d6       83%         3
 Fulminant Prism          Conj/Hex       0%         3d6       99%         4
 Agony                    Necr           0%         N/A       100%        5
 Silence                  Hex/Air        0%         N/A       100%        5
 Ozocubu's Refrigeration  Ice            0%         4d7       100%        7


Dungeon Overview and Level Annotations

Branches:
Dungeon (8/15)             Temple (0/1) D:4          Bailey (1/1)
   Lair: D:8-11

Altars:
Gozag
Okawaru
Zin

Shops:
D:4 (   D:6 *

Annotations:
D:3 1 runed translucent door, lambentLogic's ghost, amateur KoEn
D:6 2 transporters, DandyGuy's ghost, novice MiBe


Innate Abilities, Weirdness & Mutations

You are a tree.
Your roots penetrate the ground, keeping you stationary.
You cannot be teleported.
You are immune to unholy pain and torment.
Your maximum health is greatly increased.
Your equipment is partially melded.
((You have a pair of horns on your head.))
((You reflexively headbutt those who attack you in melee.))


Message History

The ogre is moderately wounded.
You shoot an arrow. The arrow hits the ogre.
The ogre is heavily wounded.
You feel yourself slow down.
An ogre comes into view. It is wielding a +0 halberd.
You shoot an arrow.
The arrow hits the ogre but does no damage.
The ogre is heavily wounded.
You shoot an arrow. The arrow hits the ogre.
The ogre is heavily wounded.
You fail to use your ability.
You feel yourself speed up.
The two-headed ogre hits you from afar with a +0 bardiche!!
The two-headed ogre hits you from afar with a +0 bardiche!
* * * LOW HITPOINT WARNING * * *
The ogre hits you from afar with a +0 halberd!
* * * LOW HITPOINT WARNING * * *
Fire: a) +0 shortbow
Press: ? - help, Q - select action, (/) - cycle Shift-Dir - straight line, f - two-headed ogre, p - ogre
Aim: a two-headed ogre, wielding two +0 bardiches (lightly wounded, 82% to hit)
You shoot an arrow. The arrow hits the two-headed ogre.
The two-headed ogre is moderately wounded.
Fire: a) +0 shortbow
Press: ? - help, Q - select action, (/) - cycle Shift-Dir - straight line, f/p - two-headed ogre
Aim: a two-headed ogre, wielding two +0 bardiches (moderately wounded, 82% to hit)
You shoot an arrow. The arrow hits the two-headed ogre.
The two-headed ogre is moderately wounded.
The two-headed ogre barely misses you. x2
The ogre hits you from afar with a +0 halberd!
* * * LOW HITPOINT WARNING * * *
Okay, then.
Okay, then.
Really quaff the potion of lignification?
You turn into a tree.
Your +0 pair of gloves melds into your body.
Your +0 pair of boots melds into your body.
Your +1 scale mail of poison resistance melds into your body.
You no longer feel resistant to poison.
Your roots penetrate the ground.
The ogre hits you from afar with a +0 halberd!
You die...

######### ##....O.♣## #
##.....O...## ##
##..####♣♣#O.## .##
##..##..i§.##..## ..#
##..♣#.§.D§§.♣#..##
..###..##..♣###♣).#...#
..~~~..#.§♣♣ ♣♣.#...#
..~~~..#.D ♣.#~..#
..~~~..#.. ♣.)~..#


You could see a two-headed ogre and 2 ogres.

Vanquished Creatures
  An unseen horror (D:5)
  2 spriggans (Bailey)
  Eustachio (D:4)
  A steam dragon (Bailey)
  Edmund (D:7)
  Duvessa (D:6)
  A water moccasin (D:7)
  2 ice beasts
  2 sky beasts
  A centaur (D:6)
  2 ogres
  2 phantoms
  Blork the orc (D:6)
  2 bullfrogs
  3 necrophages
  4 scorpions
  Dowan (D:6)
  5 killer bees (D:7)
  A hound (D:4)
  3 jellies
  3 orc priests (D:4)
  2 gnoll boudas
  3 iguanas
  Robin (D:2)
  12 gnolls
  10 adders
  2 river rats (D:6)
  A shadow imp (D:7)
  3 worms
  A dart slug (D:2)
  21 orcs
  6 ball pythons
  4 bats
  5 endoplasms
  5 giant cockroaches
  11 goblins
  11 hobgoblins
  10 jackals
  5 quokkas
  4 frilled lizards
  5 kobolds
  5 rats
167 creatures vanquished.

Vanquished Creatures (others)
  A spriggan (Bailey)
  An orc wizard (D:4)
  8 fungi (D:7)
  5 plants
  5 toadstools (D:7)
20 creatures vanquished.

Grand Total: 187 creatures vanquished

Notes
Turn   | Place    | Note
-------+----------+-------------------------------------------
     0 | D:1      | safid the Minotaur Hunter began the quest for the Orb.
     0 | D:1      | Reached XP level 1. HP: 18/18 MP: 0/0
   136 | D:1      | Reached XP level 2. HP: 25/25 MP: 1/1
   728 | D:1      | Reached XP level 3. HP: 31/31 MP: 2/2
   731 | D:1      | Reached skill level 5 in Ranged Weapons
  1183 | D:2      | Reached XP level 4. HP: 40/40 MP: 3/3
  1203 | D:2      | Noticed Robin
  1226 | D:2      | Killed Robin
  1311 | D:2      | Found an opulent altar of Gozag.
  1942 | D:3      | Found an iron altar of Okawaru.
  1973 | D:3      | Became a worshipper of Warmaster Okawaru
  1974 | D:3      | Found a runed translucent door.
  1977 | D:3      | Noticed lambentLogic's ghost (amateur KoEn)
  2548 | D:3      | Reached XP level 5. HP: 44/47 MP: 4/4
  2822 | D:4      | Reached skill level 5 in Fighting
  2822 | D:4      | Reached skill level 6 in Ranged Weapons
  2976 | D:4      | Found Doalod's Antique Weapon Shop.
  2997 | D:4      | Found a staircase to the Ecumenical Temple.
  3306 | D:4      | Reached XP level 6. HP: 49/57 MP: 5/5
  3400 | D:4      | Identified the +8 plate armour of Space {+Blink rN+}
  3482 | D:4      | Noticed Eustachio
  3518 | D:4      | Reached * piety under Okawaru
  3558 | D:4      | Killed Eustachio
  3559 | D:4      | Reached skill level 7 in Ranged Weapons
  3559 | D:4      | Reached XP level 7. HP: 41/64 MP: 6/6
  3706 | D:5      | Entered Level 5 of the Dungeon
  3837 | D:4      | Reached ** piety under Okawaru
  4019 | D:5      | Reached skill level 8 in Ranged Weapons
  4268 | D:5      | You fall into a shaft and drop 2 floors!
  4317 | D:6      | Noticed Edmund
  4317 | D:6      | Noticed Duvessa
  4322 | D:6      | Noticed Dowan
  4333 | D:7      | Killed Edmund
  4499 | D:7      | Reached XP level 8. HP: 74/74 MP: 7/7
  4569 | D:7      | Reached skill level 9 in Ranged Weapons
  4835 | D:7      | Reached skill level 10 in Ranged Weapons
  5040 | D:6      | Noticed Blork the orc
  5044 | D:6      | Killed Blork the orc
  5058 | D:6      | Reached skill level 11 in Ranged Weapons
  5061 | D:6      | Reached *** piety under Okawaru
  5077 | D:6      | Found a glowing drain.
  5145 | D:5      | Reached XP level 9. HP: 25/79 MP: 8/8
  5601 | D:5      | Killed an unseen horror
  5602 | D:5      | Reached skill level 12 in Ranged Weapons
  5675 | D:6      | Found Zin's Purification Station.
  5679 | D:6      | Found a glowing silver altar of Zin.
  5753 | D:6      | Killed Duvessa
  5841 | D:6      | Reached skill level 13 in Ranged Weapons
  6061 | D:6      | Reached **** piety under Okawaru
  6126 | D:6      | Noticed DandyGuy's ghost (novice MiBe)
  6129 | D:6      | Found a transporter.
  6134 | D:6      | Found a transporter.
  6387 | D:6      | Killed Dowan
  6703 | D:8      | Found a flagged portal.
  6713 | Bailey   | Entered a bailey
  6765 | Bailey   | Reached skill level 14 in Ranged Weapons
  6775 | Bailey   | Noticed a two-headed ogre
  6810 | Bailey   | Slain by an ogre

Illustrated notes

Levels and vault maps discovered:
D:1:      dpeg_arrival_tiny_b, layout_basic, chequers_serial_rivers_small_b,
          nicolae_hexahallways
D:2:      layout_loops_cross, basic_altar, chequers_big_river, uniq_robin
D:3:      layout_loops_corners, okawaru_metal_pillars_1_2,
          ebering_ghost_reflecting_pool
D:4:      cheibrodos_pilgrimage, layout_basic, minmay_temple_entry_glass,
          serial_shops, nicolae_shop_overgrown_old_shop,
          kennysheep_generic_room_8, uniq_eustachio
D:5:      layout_loops_corners
D:6:      layout_basic, zin_purify, portal_sewer_entry_a, gammafunk_ghost_hive,
          chequers_garden, uniq_blork_the_orc, uniq_edmund, uniq_duvessa
D:7:      layout_basic, minmay_gold_behind_fungi
D:8:      layout_rooms, enter_bailey_2, nicolae_looking_at_the_future,
          uniq_maggie
Bailey:   bailey_polearm_enchanted_keep_hellmonk, bailey

Skill      XL: |  1  2  3  4  5  6  7  8  9 |
---------------+----------------------------+-----
Fighting       | 3 4 5 6 8 |  8.0
Ranged Weapons | 5 6 7 8 11 14 | 14.2
Dodging        | |  2.1
Stealth        | |  0.7

Action                   |  1- 3 |  4- 6 |  7- 9 || total
-------------------------+-------+-------+-------++-------
 Fire: Shortbow          |   111 |   186 |   389 ||   686
  Use: Potion            |       |     2 |     3 ||     5
       Scroll            |       |       |     4 ||     4
Armor: Leather armour    |    22 |    20 |    13 ||    55
       Skin              |       |    10 |       ||    10
       Scale mail        |       |       |    96 ||    96
Dodge: Dodged            |    43 |    51 |   134 ||   228
